[Event "Titled Tuesday Blitz August 1 Early 2023"]
[White "djokovic74"]
[Black "Firouzja, Alireza"]
[BlackFideId "12573981"]
[WhiteElo "2764"]
[BlackElo "3080"]
[Result "0-1"]
[Round "5"]
[TimeControl "180+1"]
[Date "2023.08.01"]
[WhiteClock "0:00:00"]
[BlackClock "0:00:04"]
[Board "11"]

1. e4 c5 2. Nf3 d6 3. d4 cxd4 4. Nxd4 Nf6 5. Nc3 Nc6 6. Be2 e6 7. g4 Be7 8. Be3 Nd7 9. Qd2 a6 10. O-O-O O-O 11. h4 Nxd4 12. Qxd4 b5 13. g5 Rb8 14. f4 Qa5 15. b3 Nc5 16. h5 b4 17. Nb1 Qxa2 18. h6 e5 19. fxe5 Ne6 20. Qd2 dxe5 21. hxg7 Kxg7 22. Bd3 Rh8 23. Qh2 Qa5 24. Rdf1 Kf8 25. Qh5 Ke8 26. Qxf7+ Kd8 27. Bc4 Nd4 28. g6 Bd7 29. g7 Re8 30. g8=Q Rxg8 31. Qxg8+ Kc7 32. Qd5 Qxd5 33. Bxd5 Ne2+ 34. Kd2 Ng3 35. Rfg1 Nxh1 36. Rxh1 Rh8 37. Ke2 h5 38. Nd2 h4 39. Nf3 Bg4 40. Bd2 Rf8 41. Rf1 h3 42. Ke3 Bc5+ 43. Ke2 Rxf3 44. Rxf3 h2 0-1


[Site "https://www.chess.com"]

[Event "Titled Tuesday Blitz August 1 Early 2023"]
[White "Amilal Munkhdalai"]
[Black "Pranesh M"]
[WhiteFideId "4903250"]
[BlackFideId "35028600"]
[WhiteElo "2733"]
[BlackElo "3067"]
[Result "0-1"]
[Round "5"]
[TimeControl "180+1"]
[Date "2023.08.01"]
[WhiteClock "0:00:40"]
[BlackClock "0:00:58"]
[Board "12"]

1. e4 e5 2. Nf3 Nc6 3. Bb5 a6 4. Ba4 Nf6 5. O-O Bc5 6. c3 O-O 7. d4 Ba7 8. dxe5 Nxe4 9. Bc2 d5 10. exd6 Nxd6 11. h3 Bf5 12. Bxf5 Nxf5 13. Qc2 Qf6 14. Bg5 Qg6 15. Bf4 Nh4 16. Qxg6 Nxf3+ 17. gxf3 fxg6 18. Bxc7 Rxf3 19. Nd2 Rxh3 20. Nc4 Rc8 21. Bh2 Rf8 22. Kg2 Rh4 23. Nd6 Rxh2+ 24. Kxh2 Bb8 25. Rad1 Rf6 26. Rd5 Rxd6 27. Rxd6 Bxd6+ 28. Kh3 Kf7 29. Rd1 Ke7 30. Kg4 h6 31. f4 Ke6 32. Re1+ Kd7 33. Rd1 Ne7 34. Re1 Ng8 35. Kf3 Nf6 36. Rg1 Ke6 37. Rxg6 Kf7 38. Rg1 Bc7 39. f5 Ne8 40. Rg6 Nd6 41. Kg4 Nc4 42. Kh5 Nxb2 43. f6 gxf6 44. Rxh6 Ke6 45. Rh7 Kd6 46. Kg6 Na4 47. c4 Kc6 48. Kxf6 Nb6 49. Kf5 Nxc4 50. Ke4 Bd6 51. Kd4 Na3 52. Rh5 Nb5+ 53. Kc4 Nc7 54. a4 b6 55. Rf5 Ne6 56. Rf6 Nc5 57. a5 b5+ 58. Kd4 Nb3+ 59. Kc3 Nxa5 60. Rf5 Nc4 61. Rh5 Nb6 62. Rf5 a5 63. Kb3 a4+ 64. Kc3 Nd5+ 65. Kd4 Bc5+ 66. Ke4 Nb4 67. Rf6+ Bd6 68. Kd4 a3 69. Rf1 a2 70. Kc3 a1=Q+ 71. Rxa1 Be5+ 72. Kxb4 Bxa1 73. Kb3 Kc5 74. Ka2 Bf6 75. Kb3 Be5 76. Kc2 Kc4 77. Kb1 b4 78. Kc2 b3+ 79. Kb1 Kb4 80. Kc1 Ka3 81. Kb1 Bf6 82. Kc1 Ka2 83. Kd2 b2 84. Kd3 b1=Q+ 85. Ke3 Qb4 86. Kf3 Qd4 87. Kg3 Qe4 88. Kh3 Qg6 89. Kh2 Bh4 90. Kh1 Bf2 0-1


[Site "https://www.chess.com"]

[Event "Titled Tuesday Blitz August 1 Early 2023"]
[White "JeRoma71"]
[Black "Yanchenko, Roman"]
[BlackFideId "4137329"]
[WhiteElo "2890"]
[BlackElo "2732"]
[Result "1-0"]
[Round "5"]
[TimeControl "180+1"]
[Date "2023.08.01"]
[WhiteClock "0:01:19"]
[BlackClock "0:00:00"]
[Board "13"]

1. Nf3 d5 2. g3 Nf6 3. Bg2 Bf5 4. O-O e6 5. c4 c6 6. Qb3 Qb6 7. d3 Nbd7 8. Be3 Bc5 9. Bxc5 Nxc5 10. Qc3 dxc4 11. Qxc4 O-O 12. Nc3 Rad8 13. b4 Ncd7 14. a4 a6 15. a5 Qa7 16. Na4 Bg4 17. Qc3 Nd5 18. Qb2 Bxf3 19. Bxf3 Qb8 20. Rac1 Nc7 21. Nc5 Nxc5 22. bxc5 Nb5 23. Rfd1 Qc7 24. Qb4 Rd4 25. Rc4 Rfd8 26. Rb1 g6 27. Kg2 h5 28. h4 R8d7 29. Be4 Rxc4 30. dxc4 Nd4 31. e3 Nf5 32. Qc3 Qd8 33. Rb2 Qe7 34. Qe5 Qd8 35. Bxc6 Rd1 36. Bf3 Rc1 37. c6 Qd3 38. Be2 1-0


[Site "https://www.chess.com"]

[Event "Titled Tuesday Blitz August 1 Early 2023"]
[White "Ardelean, George-Catalin"]
[Black "Zhigalko, Sergei"]
[WhiteFideId "1207091"]
[BlackFideId "13502956"]
[WhiteElo "2716"]
[BlackElo "2883"]
[Result "0-1"]
[Round "5"]
[TimeControl "180+1"]
[Date "2023.08.01"]
[WhiteClock "0:00:00"]
[BlackClock "0:00:01"]
[Board "14"]

1. d4 Nf6 2. Bf4 e6 3. e3 b6 4. Qf3 Nc6 5. Nc3 Bb7 6. O-O-O Rb8 7. e4 Bb4 8. Nge2 O-O 9. g4 d5 10. e5 Ne4 11. g5 Ne7 12. h4 c5 13. Nb5 Bc6 14. Nec3 cxd4 15. Nxd4 Bxc3 16. bxc3 Rc8 17. h5 Ba4 18. c4 Nc6 19. g6 fxg6 20. Nxe6 Qe7 21. Nxf8 Rxf8 22. Rh3 g5 23. cxd5 Rxf4 24. Qa3 Nb4 25. Qxa4 Nxf2 26. d6 Qxe5 27. d7 Qa1+ 28. Kd2 Qxd1+ 29. Kc3 Qa1+ 30. Kb3 Qb1+ 31. Kc3 Ne4+ 32. Kd4 Nc5+ 33. Ke5 Qe1+ 34. Kd6 Nb7+ 0-1


[Site "https://www.chess.com"]

[Event "Titled Tuesday Blitz August 1 Early 2023"]
[White "Khachiyan, Melikset"]
[Black "Kravtsiv, Martyn"]
[WhiteFideId "13300512"]
[BlackFideId "14113147"]
[WhiteElo "2712"]
[BlackElo "2871"]
[Result "1-0"]
[Round "5"]
[TimeControl "180+1"]
[Date "2023.08.01"]
[WhiteClock "0:01:29"]
[BlackClock "0:00:58"]
[Board "15"]

1. e4 e5 2. Nf3 Nc6 3. Bc4 Nf6 4. d3 Bc5 5. O-O O-O 6. Nbd2 d6 7. c3 a6 8. Bb3 Ba7 9. h3 Kh8 10. Re1 Ng8 11. Nf1 f5 12. exf5 Bxf5 13. Ng3 Bg6 14. d4 exd4 15. cxd4 h6 16. Be3 Qf6 17. Rc1 Rae8 18. d5 Bxe3 19. Rxe3 Rxe3 20. fxe3 Ne5 21. Rxc7 Nxf3+ 22. Qxf3 Qd8 23. Qg4 Qxc7 24. Qxg6 Rf6 25. Qe8 Qc1+ 26. Kh2 Qxb2 27. Ne4 Rg6 28. Qxg6 Qe5+ 29. Kh1 Ne7 30. Qe8+ Kh7 31. Bc2 g6 32. Qf7+ Kh8 33. Nf6 Qa1+ 34. Kh2 Qe5+ 35. g3 1-0


[Site "https://www.chess.com"]

[Event "Titled Tuesday Blitz August 1 Early 2023"]
[White "Ter-Sahakyan, Samvel"]
[Black "Koellner, Ruben Gideon"]
[WhiteFideId "13302531"]
[BlackFideId "12993093"]
[WhiteElo "2850"]
[BlackElo "2709"]
[Result "0-1"]
[Round "5"]
[TimeControl "180+1"]
[Date "2023.08.01"]
[WhiteClock "0:00:00"]
[BlackClock "0:00:09"]
[Board "16"]

1. d4 d6 2. e4 Nf6 3. Nc3 e5 4. Nf3 Nbd7 5. Rg1 c6 6. g4 h6 7. Be3 b5 8. a3 a6 9. h4 g6 10. g5 hxg5 11. hxg5 Nh5 12. Qd2 Bb7 13. O-O-O Qc7 14. Bh3 Rd8 15. dxe5 Nxe5 16. Nxe5 dxe5 17. Qxd8+ Qxd8 18. Rxd8+ Kxd8 19. Rd1+ Kc7 20. Rd7+ Kb8 21. Rxf7 Nf4 22. Bxf4 exf4 23. e5 Bc5 24. Ne4 Bf8 25. e6 c5 26. Bg2 Bd5 27. e7 Bxf7 28. exf8=Q+ Rxf8 29. Nxc5 Ka7 30. Be4 Re8 31. f3 Re5 32. Nd3 Rxg5 33. Nxf4 Rg1+ 34. Kd2 g5 35. Nd3 Bh5 36. Ne5 Kb6 37. c4 Kc5 38. Kc3 bxc4 39. Nd7+ Kd6 40. Nb6 Rc1+ 41. Kd4 Bf7 42. a4 Be6 43. a5 Rd1+ 44. Kc3 Rc1+ 45. Kd4 Ra1 46. Nxc4+ Bxc4 47. Kxc4 Rxa5 48. b4 Re5 49. Bb7 a5 50. bxa5 Rxa5 51. Kd4 Ra4+ 52. Ke3 Ke5 53. Bc6 Ra3+ 54. Kf2 Kf4 55. Kg2 Ra2+ 56. Kf1 Ke3 57. Kg1 Rf2 58. Bd5 Rd2 59. Bc6 Kf4 60. Bb7 Kg3 61. Kf1 Rf2+ 62. Kg1 Rb2 0-1


[Site "https://www.chess.com"]

[Event "Titled Tuesday Blitz August 1 Early 2023"]
[White "Kazakouski, Valery"]
[Black "Wieczorek, Oskar"]
[WhiteFideId "13507443"]
[BlackFideId "1133950"]
[WhiteElo "2848"]
[BlackElo "2649"]
[Result "1/2-1/2"]
[Round "5"]
[TimeControl "180+1"]
[Date "2023.08.01"]
[WhiteClock "0:00:12"]
[BlackClock "0:00:10"]
[Board "17"]

1. Nf3 c5 2. c4 g6 3. d4 cxd4 4. Nxd4 Nc6 5. e4 Nf6 6. Nc3 d6 7. Be2 Nxd4 8. Qxd4 Bg7 9. Be3 O-O 10. Qd2 a5 11. O-O a4 12. Bd4 Bd7 13. f4 Bc6 14. Bf3 Nd7 15. Rfd1 Qa5 16. Rac1 Rfc8 17. Bxg7 Kxg7 18. Qd4+ f6 19. Bg4 Rc7 20. Nd5 Bxd5 21. exd5 Qc5 22. Bxd7 Qxd4+ 23. Rxd4 Rxd7 24. Kf2 Rc7 25. Ke3 Kf7 26. Kd2 Rg8 27. Rc3 h5 28. Ra3 g5 29. fxg5 Rxg5 30. g3 Rf5 31. Ke3 Re5+ 32. Kf2 b5 33. b3 axb3 34. axb3 bxc4 35. bxc4 Rb7 36. Ra2 Rb3 37. Rc2 Ree3 38. Rh4 Rec3 39. Rxc3 Rxc3 40. Rxh5 Rxc4 41. Ke3 Kg6 42. Rh8 f5 43. Kd3 Re4 44. h4 Kg7 45. Rh5 Kg6 46. Rh8 Ra4 47. Rg8+ Kf7 48. Rg5 Kf6 49. Rg8 Kf7 50. Rg5 Kf6 51. Rg8 Ra3+ 52. Ke2 Kf7 53. Rg5 Kf6 54. Rg8 Kf7 55. Rg5 Kf6 56. Kf2 Rd3 57. Rg8 Rxd5 58. h5 Kf7 59. Rg5 Kf6 60. Rg8 Rd2+ 61. Kg1 Kf7 62. Rg5 e6 63. h6 Ra2 64. Rg7+ Kf8 65. Rg6 Kf7 66. Rg7+ Kf8 67. Rd7 Kg8 68. Rxd6 Re2 69. Rd7 Re4 70. Kg2 Rg4 71. Kf3 Kh8 72. Re7 Rg6 73. h7 Rh6 74. Kf4 Rxh7 75. Rxe6 Rh1 76. Kxf5 Kg7 77. Re7+ Kg8 78. g4 Ra1 79. Kg6 Ra6+ 80. Kg5 Rb6 81. Re5 Ra6 82. Rf5 Rb6 83. Rf6 Rb7 84. Kf5 Kg7 85. g5 Ra7 86. Kg4 Ra4+ 87. Kh5 Ra1 88. Rg6+ Kh7 89. Rh6+ Kg7 90. Rb6 Rh1+ 91. Kg4 Rg1+ 92. Kf5 Rf1+ 93. Kg4 Rg1+ 94. Kf5 Rf1+ 95. Kg4 Rg1+ 1/2-1/2


[Site "https://www.chess.com"]

[Event "Titled Tuesday Blitz August 1 Early 2023"]
[White "Ohanyan, Emin"]
[Black "Pastar, Slaven"]
[WhiteFideId "13312022"]
[BlackFideId "14402718"]
[WhiteElo "2817"]
[BlackElo "2584"]
[Result "1-0"]
[Round "5"]
[TimeControl "180+1"]
[Date "2023.08.01"]
[WhiteClock "0:00:34"]
[BlackClock "0:00:00"]
[Board "18"]

1. d4 b6 2. e4 Bb7 3. Bd3 Nf6 4. Nd2 e6 5. Ne2 d6 6. O-O g6 7. f4 Bg7 8. e5 Nfd7 9. Be4 Bxe4 10. Nxe4 d5 11. Nd2 c5 12. c3 Nc6 13. Nf3 O-O 14. g4 f5 15. gxf5 Rxf5 16. Ng3 Rf8 17. h4 Qe8 18. Kg2 Ne7 19. Ng5 Nf5 20. Nxf5 Rxf5 21. Qg4 cxd4 22. cxd4 Rc8 23. Be3 b5 24. Rac1 Nb6 25. b3 h6 26. Rxc8 Nxc8 27. Nf3 Rf8 28. Rc1 Qf7 29. Ne1 Ne7 30. Nd3 Nf5 31. Bf2 Re8 32. Rc6 Qb7 33. Rc1 Kh7 34. Kh2 h5 35. Qd1 Rc8 36. Nc5 Qe7 37. Kh3 Bh6 38. Qf3 Rf8 39. Nd3 Rf7 40. Rc6 Qd7 41. Ra6 Qc8 42. Nc5 Ng7 43. Bg3 Rc7 44. Ra5 Rf7 45. Rxb5 Qf8 46. Rb7 Rxb7 47. Nxb7 Qb4 48. Nd6 Qd2 49. Qf2 Qd1 50. Kg2 Qg4 51. Qf3 Nf5 52. Qxg4 Ne3+ 53. Kf3 Nxg4 54. Nb5 1-0


[Site "https://www.chess.com"]

[Event "Titled Tuesday Blitz August 1 Early 2023"]
[White "Ning, Kaiyu"]
[Black "Bortnyk, Olexandr"]
[WhiteFideId "8614750"]
[BlackFideId "14120828"]
[WhiteElo "2715"]
[BlackElo "3066"]
[Result "0-1"]
[Round "5"]
[TimeControl "180+1"]
[Date "2023.08.01"]
[WhiteClock "0:00:01"]
[BlackClock "0:00:04"]
[Board "19"]

1. e4 Nf6 2. Nc3 d5 3. e5 Nfd7 4. d4 c5 5. f4 cxd4 6. Qxd4 e6 7. Be3 Nc6 8. Qd2 Bc5 9. Nf3 Qb6 10. Bxc5 Nxc5 11. O-O-O Bd7 12. Bd3 Nb4 13. Kb1 Rc8 14. a3 Nbxd3 15. cxd3 Nb3 16. Qe1 O-O 17. Na2 a5 18. Nd2 Ba4 19. Nxb3 Qxb3 20. Nc3 b5 21. Qd2 b4 22. Nxa4 Qxa4 23. Rc1 bxa3 24. Rxc8 Rxc8 25. Rc1 Rb8 26. Qc3 g6 27. Rc2 axb2 28. Rxb2 Rxb2+ 29. Kxb2 Qxf4 30. g3 Qf2+ 31. Kb3 Qxh2 32. Qxa5 Kg7 33. Qd8 Qf2 34. Qg5 h6 35. Qh4 g5 36. Qg4 Qe3 37. Kc2 Qxe5 38. Kd2 Qb2+ 39. Ke3 Qc1+ 40. Kd4 Qc7 41. Qf3 Qa7+ 42. Kc3 Qa1+ 43. Kb3 Qb1+ 44. Kc3 Qc1+ 45. Kd4 Qc6 46. Qf1 Qb6+ 47. Ke5 Qc7+ 48. Kd4 Qxg3 49. Kc5 Qf4 50. Qe2 g4 51. d4 g3 52. Kc6 Qxd4 53. Kd7 Qe4 54. Qh5 g2 55. Ke7 Qg6 56. Qe5+ Kh7 57. Kf8 g1=Q 58. Qf6 Qxf6 59. Ke8 Qc5 0-1


[Site "https://www.chess.com"]

[Event "Titled Tuesday Blitz August 1 Early 2023"]
[White "Kim, Yoon-Young"]
[Black "Pranav, V"]
[WhiteFideId "30908779"]
[BlackFideId "25060783"]
[WhiteElo "2709"]
[BlackElo "3016"]
[Result "1-0"]
[Round "5"]
[TimeControl "180+1"]
[Date "2023.08.01"]
[WhiteClock "0:00:04"]
[BlackClock "0:00:02"]
[Board "20"]

1. d4 Nf6 2. c4 g6 3. Nc3 Bg7 4. Nf3 d6 5. Bg5 O-O 6. e3 Nbd7 7. Be2 h6 8. Bh4 b6 9. Qc2 Bb7 10. O-O Re8 11. Rfd1 e5 12. Rac1 exd4 13. Nxd4 Nc5 14. b4 Nce4 15. Nxe4 Bxe4 16. Bd3 Bxd3 17. Rxd3 Qd7 18. c5 d5 19. c6 Qe7 20. a3 a5 21. Qb3 axb4 22. axb4 Red8 23. Nb5 Rac8 24. Na7 Ra8 25. Nb5 g5 26. Bg3 Rdc8 27. h3 Ne4 28. Rxd5 Nxg3 29. fxg3 Qe6 30. Qd3 Be5 31. Qe4 Re8 32. Rd7 Qb3 33. Qf3 Rf8 34. Nxc7 Qb2 35. Rf1 Rac8 36. Rxf7 Bg7 37. Ne6 Qxb4 38. Rxg7+ Kh8 39. Qxf8+ Rxf8 40. Rxf8+ Qxf8 41. Nxf8 Kxg7 42. c7 1-0


[Site "https://www.chess.com"]

[Event "Titled Tuesday Blitz August 1 Early 2023"]
[White "Martinez Alcantara, Jose Eduardo"]
[Black "Brodowski, Piotr"]
[WhiteFideId "3805662"]
[BlackFideId "1124480"]
[WhiteElo "3007"]
[BlackElo "2709"]
[Result "1-0"]
[Round "5"]
[TimeControl "180+1"]
[Date "2023.08.01"]
[WhiteClock "0:02:11"]
[BlackClock "0:00:32"]
[Board "21"]

1. e4 c5 2. Nf3 g6 3. c3 Nf6 4. Bd3 Bg7 5. Bc2 d6 6. h3 e5 7. O-O O-O 8. d4 Nc6 9. dxc5 dxc5 10. Qe2 h6 11. Be3 Qe7 12. Nbd2 Be6 13. Bb3 b6 14. Bxe6 Qxe6 15. a3 Nh5 16. Qc4 Qxc4 17. Nxc4 f5 18. a4 Rfd8 19. Rad1 Kf7 20. exf5 g5 21. g4 Nf4 22. Bxf4 exf4 23. Rfe1 Bf6 24. Nd6+ Kg7 25. Re6 Na5 26. Rde1 Rf8 27. Ne8+ 1-0


[Site "https://www.chess.com"]

[Event "Titled Tuesday Blitz August 1 Early 2023"]
[White "Schnaider, Ilan"]
[Black "Xu, Xiangyu"]
[WhiteFideId "169013"]
[BlackFideId "8608288"]
[WhiteElo "2702"]
[BlackElo "2994"]
[Result "0-1"]
[Round "5"]
[TimeControl "180+1"]
[Date "2023.08.01"]
[WhiteClock "0:00:01"]
[BlackClock "0:01:44"]
[Board "22"]

1. e4 e5 2. Nf3 Nc6 3. Bc4 Bc5 4. c3 Nf6 5. d3 d6 6. O-O Bb6 7. Re1 h6 8. Nbd2 Ng4 9. Rf1 g5 10. b4 a5 11. b5 Ne7 12. d4 Ng6 13. h3 Nf6 14. dxe5 dxe5 15. Qb3 O-O 16. Ba3 g4 17. Bxf8 Qxf8 18. hxg4 Nxg4 19. Nh2 Nf6 20. Kh1 Nf4 21. Ndf3 Qg7 22. g3 Nxe4 23. Bxf7+ Kh8 24. gxf4 Bh3 25. Ng5 hxg5 26. c4 Bxf1 27. Rxf1 Qxf7 28. Qh3+ Kg7 29. Qg2 Qxc4 30. fxe5 Rh8 31. f4 Ng3+ 32. Qxg3 Qxf1+ 0-1


[Site "https://www.chess.com"]

[Event "Titled Tuesday Blitz August 1 Early 2023"]
[White "Zeynalli, Rashad"]
[Black "Hovhannisyan, Robert"]
[WhiteFideId "13403320"]
[BlackFideId "13302507"]
[WhiteElo "2701"]
[BlackElo "2958"]
[Result "0-1"]
[Round "5"]
[TimeControl "180+1"]
[Date "2023.08.01"]
[WhiteClock "0:01:34"]
[BlackClock "0:02:07"]
[Board "23"]

1. e4 e5 2. Nf3 Nc6 3. Bc4 Bc5 4. c3 Nf6 5. d4 exd4 6. e5 d5 7. Bb5 Ne4 8. cxd4 Bb6 9. Nc3 O-O 10. Be3 Bg4 11. h3 Bh5 12. Qc2 Ba5 13. O-O Bxf3 14. gxf3 Ng5 15. Kg2 Ne6 16. Rad1 Bxc3 17. bxc3 f5 18. f4 Qh4 19. Bxc6 bxc6 20. Qd2 g5 21. f3 gxf4 22. Bf2 Qh5 23. Kh2 Ng5 0-1


[Site "https://www.chess.com"]

[Event "Titled Tuesday Blitz August 1 Early 2023"]
[White "Morefield, Jason"]
[Black "Shimanov, Aleksandr"]
[WhiteFideId "30920825"]
[BlackFideId "4198603"]
[WhiteElo "2699"]
[BlackElo "2943"]
[Result "0-1"]
[Round "5"]
[TimeControl "180+1"]
[Date "2023.08.01"]
[WhiteClock "0:00:00"]
[BlackClock "0:00:15"]
[Board "24"]

1. e4 e6 2. d4 d5 3. Nc3 Bb4 4. e5 c5 5. a3 Ba5 6. dxc5 Bxc3+ 7. bxc3 Qc7 8. Nf3 Nd7 9. Qd4 Ne7 10. Bd3 Nxc5 11. O-O Bd7 12. a4 Rc8 13. Ba3 h6 14. Qh4 Qd8 15. Qg4 O-O 16. Bb4 a5 17. Bxc5 Rxc5 18. Rfb1 Qc7 19. Qd4 Rc8 20. Ra3 b6 21. h3 Ng6 22. h4 Rxc3 23. Rxc3 Qxc3 24. Qxb6 Nf4 25. Ba6 Rf8 26. Bb5 Bxb5 27. Rxb5 Qxc2 28. Qxa5 Rc8 29. Qe1 Qg6 30. g3 Rc1 0-1


[Site "https://www.chess.com"]

[Event "Titled Tuesday Blitz August 1 Early 2023"]
[White "Zakhartsov, Vladimir"]
[Black "Rosen, Eric"]
[WhiteFideId "4145097"]
[BlackFideId "2032562"]
[WhiteElo "2934"]
[BlackElo "2681"]
[Result "0-1"]
[Round "5"]
[TimeControl "180+1"]
[Date "2023.08.01"]
[WhiteClock "0:00:00"]
[BlackClock "0:00:06"]
[Board "25"]

1. d4 d5 2. c4 e6 3. Nf3 Nf6 4. Nc3 Nbd7 5. Bf4 Bb4 6. e3 c5 7. a3 Bxc3+ 8. bxc3 Qa5 9. Qb3 O-O 10. Bd3 b5 11. Qxb5 Qxc3+ 12. Ke2 a6 13. Qa4 cxd4 14. Rac1 Qxd3+ 15. Kxd3 Nc5+ 16. Kxd4 Nxa4 17. c5 Ne4 18. Bc7 f6 19. c6 Rf7 20. Ba5 Nxf2 21. Rhf1 e5+ 22. Kxd5 Nd3 23. Rb1 Nac5 24. c7 Bb7+ 25. Kc4 Rd7 26. Nd2 Rc8 27. Kc3 Kf7 28. Nc4 Ke6 29. Rb6+ Ke7 30. Rbb1 Be4 31. Nb6 Rdxc7 32. Nxc8+ Rxc8 33. Kd2 Bg6 34. Rb6 e4 35. Bb4 Kf7 36. Rd6 a5 37. Bxc5 Nxc5 38. Ke2 Ke7 39. Rd4 Nd3 0-1


[Site "https://www.chess.com"]

[Event "Titled Tuesday Blitz August 1 Early 2023"]
[White "Nagare Kaivalya Sandip"]
[Black "Zemlyanskii, Ivan"]
[WhiteFideId "25957929"]
[BlackFideId "24249971"]
[WhiteElo "2690"]
[BlackElo "2931"]
[Result "0-1"]
[Round "5"]
[TimeControl "180+1"]
[Date "2023.08.01"]
[WhiteClock "0:00:13"]
[BlackClock "0:00:16"]
[Board "26"]

1. e4 c5 2. Nf3 e6 3. d4 cxd4 4. Nxd4 Nf6 5. Nc3 Nc6 6. Ndb5 Bc5 7. Nd6+ Ke7 8. Bf4 e5 9. Nf5+ Kf8 10. Be3 Bb4 11. a3 Bxc3+ 12. bxc3 d5 13. exd5 Nxd5 14. Bc4 Nxe3 15. Qxd8+ Nxd8 16. Nxe3 Be6 17. O-O Rc8 18. Bxe6 Nxe6 19. c4 f6 20. Rfd1 Nc5 21. Nf5 g6 22. Nd6 Rd8 23. Rd5 b6 24. Rad1 Ke7 25. Nb5 a6 26. Nc3 Rxd5 27. Nxd5+ Ke6 28. Nxb6 Rb8 29. Nd5 Rb2 30. Nb4 a5 31. Nd3 Nxd3 32. cxd3 Ra2 33. Kf1 Rxa3 34. Ke2 Ra2+ 35. Ke3 a4 36. Rb1 a3 37. Rb6+ Kf5 38. Ra6 Ra1 39. h4 h5 40. Kf3 g5 41. hxg5 fxg5 42. Ra5 h4 43. d4 g4+ 44. Ke2 h3 45. gxh3 gxh3 46. Rxe5+ Kf6 47. Rh5 a2 48. Rxh3 Rc1 49. Rh6+ Kf5 50. Ra6 a1=Q 51. Rxa1 Rxa1 52. Kd3 Ra3+ 53. Kc2 Ke4 0-1


[Site "https://www.chess.com"]

[Event "Titled Tuesday Blitz August 1 Early 2023"]
[White "Gholami Orimi, Mahdi"]
[Black "Skliarov, Viktor"]
[WhiteFideId "12558486"]
[BlackFideId "14106736"]
[WhiteElo "2907"]
[BlackElo "2673"]
[Result "1-0"]
[Round "5"]
[TimeControl "180+1"]
[Date "2023.08.01"]
[WhiteClock "0:00:17"]
[BlackClock "0:00:04"]
[Board "27"]

1. e4 c5 2. Nf3 Nc6 3. d4 cxd4 4. Nxd4 Nf6 5. Nc3 e5 6. Ndb5 d6 7. a4 a6 8. Na3 Bg4 9. f3 Be6 10. Bg5 Nb4 11. Bc4 Rc8 12. Bb3 Bxb3 13. cxb3 h6 14. Bxf6 Qxf6 15. Nc4 Qh4+ 16. g3 Qh3 17. Ne3 Be7 18. Qe2 g6 19. O-O-O Bg5 20. Kb1 Bxe3 21. Qxe3 Qg2 22. Rc1 O-O 23. Rhg1 Qh3 24. Qb6 Nc6 25. Nd5 Kg7 26. f4 Qxh2 27. Qe3 Nd4 28. Nc3 Nxb3 29. Rcd1 h5 30. f5 Nd4 31. g4 Qc2+ 32. Ka1 Qb3 33. Rxd4 exd4 34. Qxd4+ f6 35. gxh5 g5 36. Rxg5+ Kf7 37. Rg6 Ke7 38. Rg7+ Rf7 39. Nd5+ Kf8 40. Rxf7+ Kxf7 41. Qxf6+ Kg8 42. Ne7+ Kh7 43. Qg6+ Kh8 44. Qh6# 1-0


[Site "https://www.chess.com"]

[Event "Titled Tuesday Blitz August 1 Early 2023"]
[White "Agibileg, Uurtsaikh"]
[Black "Ashraf, Artin"]
[WhiteFideId "4901606"]
[BlackFideId "22514805"]
[WhiteElo "2677"]
[BlackElo "2860"]
[Result "1-0"]
[Round "5"]
[TimeControl "180+1"]
[Date "2023.08.01"]
[WhiteClock "0:00:38"]
[BlackClock "0:00:00"]
[Board "28"]

1. d4 a6 2. d5 c6 3. c4 Nf6 4. Nc3 d6 5. Nf3 e5 6. dxe6 Bxe6 7. e4 Bg4 8. Be2 Bxf3 9. Bxf3 Nbd7 10. O-O a5 11. b3 Be7 12. Bb2 O-O 13. Qd2 Qb6 14. Rad1 Rfd8 15. Rfe1 Bf8 16. h3 Nc5 17. Na4 Nxa4 18. Bxf6 gxf6 19. bxa4 Qc5 20. Bg4 Qxc4 21. Bf5 d5 22. Re3 Kh8 23. Rd3 Qxa4 24. Qe2 h6 25. Qh5 Qb4 26. Qxf7 Qe7 27. Qg6 Qg7 28. Qh5 Qg5 29. Qe2 d4 30. Rg3 Qf4 31. Qh5 Qg5 32. Rxg5 fxg5 33. Qg6 1-0


[Site "https://www.chess.com"]

[Event "Titled Tuesday Blitz August 1 Early 2023"]
[White "Do Valle Cardoso, Lucas"]
[Black "Timofeev, Artyom"]
[WhiteFideId "2163144"]
[BlackFideId "4140419"]
[WhiteElo "2671"]
[BlackElo "2859"]
[Result "1-0"]
[Round "5"]
[TimeControl "180+1"]
[Date "2023.08.01"]
[WhiteClock "0:00:04"]
[BlackClock "0:00:24"]
[Board "29"]

1. e4 d6 2. d4 Nf6 3. Nc3 g6 4. f3 Bg7 5. Be3 c6 6. Qd2 h5 7. h4 b5 8. Nh3 b4 9. Ne2 a5 10. Ng5 Nbd7 11. Nf4 Nb6 12. O-O-O Nh7 13. Nxh7 Rxh7 14. Kb1 Rb8 15. Be2 Qc7 16. g4 hxg4 17. fxg4 a4 18. g5 b3 19. cxb3 axb3 20. a3 d5 21. h5 dxe4 22. hxg6 Rxh1 23. gxf7+ Kxf7 24. Rxh1 Bf5 25. Bh5+ Kg8 26. Qc3 Qd6 27. Bd1 Nd5 28. Bxb3 e6 29. Bxd5 cxd5 30. Nh5 Bf8 31. Nf6+ Kf7 32. Nh5 Be7 33. Bf4 e3+ 34. Ka1 Qb6 35. Bxb8 Qxb8 36. Qxe3 Qa7 37. Ng3 Bg6 38. Rf1+ Kg7 39. Re1 Bd6 40. Ne2 Bf5 41. Nf4 Bxf4 42. Qxf4 Qa5 43. Qe5+ Kg8 44. Rh1 1-0


[Site "https://www.chess.com"]

[Event "Titled Tuesday Blitz August 1 Early 2023"]
[White "Poormosavi, Seyed Kian"]
[Black "Rasulov, Vugar"]
[WhiteFideId "12585807"]
[BlackFideId "13402390"]
[WhiteElo "2668"]
[BlackElo "2850"]
[Result "0-1"]
[Round "5"]
[TimeControl "180+1"]
[Date "2023.08.01"]
[WhiteClock "0:00:22"]
[BlackClock "0:01:04"]
[Board "30"]

1. Nf3 d5 2. g3 c6 3. Bg2 Nf6 4. O-O Bg4 5. h3 Bh5 6. d3 Nbd7 7. c4 e6 8. Nbd2 Be7 9. b3 O-O 10. Bb2 a5 11. a3 Re8 12. Qc2 Bg6 13. Nh4 Bd6 14. Nxg6 hxg6 15. e4 dxe4 16. dxe4 Qb6 17. Kh2 e5 18. Rad1 Nc5 19. f4 exf4 20. gxf4 Nh5 21. e5 Bc7 22. Bd4 Rad8 23. Bg1 g5 24. Ne4 Qxb3 25. Qxb3 Nxb3 26. Nxg5 Nxf4 27. Rxd8 Rxd8 28. Rxf4 Bxe5 29. Kg3 Nd2 30. Kg4 Bxf4 31. Kxf4 Nxc4 32. Ne4 Nxa3 33. Bb6 Ra8 34. Nc5 Nc4 35. Bc7 a4 36. Bf1 b5 37. Be5 a3 38. Bxc4 bxc4 39. Ke4 a2 40. Ba1 Rb8 0-1


[Site "https://www.chess.com"]

[Event "Titled Tuesday Blitz August 1 Early 2023"]
[White "Shtembuliak, Evgeny"]
[Black "Tan, Jun Ying"]
[WhiteFideId "14113325"]
[BlackFideId "5710413"]
[WhiteElo "2849"]
[BlackElo "2666"]
[Result "1-0"]
[Round "5"]
[TimeControl "180+1"]
[Date "2023.08.01"]
[WhiteClock "0:01:02"]
[BlackClock "0:00:04"]
[Board "31"]

1. c4 c6 2. Nc3 d5 3. cxd5 cxd5 4. d4 Nf6 5. Nf3 Nc6 6. Bf4 a6 7. Ne5 Qb6 8. Nxc6 bxc6 9. f3 Qxb2 10. Na4 Qb5 11. Kf2 Qa5 12. Qc2 Bd7 13. Rb1 Nh5 14. Nb6 Nxf4 15. Nxa8 e5 16. Rb8+ Ke7 17. e3 Ne6 18. dxe5 h5 19. Bd3 h4 20. Rhb1 Rh5 21. Nb6 d4 22. Nxd7 dxe3+ 23. Kg1 Kxd7 24. Bf5 c5 25. R1b7+ Kc6 26. Qe4# 1-0


[Site "https://www.chess.com"]

[Event "Titled Tuesday Blitz August 1 Early 2023"]
[White "Moroni, Luca Jr"]
[Black "Kwon, Sehyun"]
[WhiteFideId "865834"]
[BlackFideId "13203088"]
[WhiteElo "2849"]
[BlackElo "2663"]
[Result "1-0"]
[Round "5"]
[TimeControl "180+1"]
[Date "2023.08.01"]
[WhiteClock "0:00:11"]
[BlackClock "0:00:00"]
[Board "32"]

1. c4 b6 2. e4 e5 3. Nc3 Bb7 4. Nf3 Nc6 5. d4 exd4 6. Nxd4 Bb4 7. Nxc6 Bxc3+ 8. bxc3 Bxc6 9. Bd3 Qf6 10. O-O Ne7 11. Be3 Qxc3 12. Rc1 Qa5 13. c5 O-O 14. Qb3 Rae8 15. Qb2 Ng6 16. f3 b5 17. Rfd1 Qa6 18. a4 Rb8 19. Ra1 Qb7 20. axb5 Bxb5 21. Bxb5 Qxb5 22. Qxb5 Rxb5 23. Rxd7 Rb3 24. Bf2 c6 25. Rdxa7 f5 26. exf5 Rxf5 27. Rc7 Ne5 28. Bg3 h5 29. h4 Rb2 30. Bxe5 Rxe5 31. Raa7 Rxc5 32. Rxg7+ Kf8 33. Raf7+ Ke8 34. Rc7 Kf8 35. Rg6 Rcc2 36. Rcxc6 Re2 37. Rg5 Kf7 38. Rh6 Rb4 39. Rhxh5 Kf6 40. Rh6+ 1-0


[Site "https://www.chess.com"]